AoeStats
← legueschuan

Arabia

507735066Analyzed
1v1 RM · 13d ago on Sep 19, 2026· 27m 8s· 2 players
Game mode
Random Map
Map size
Tiny (2 player)
Population
200
Speed
Normal
Resources
Standard
Victory
Conquest
Starting age
Dark Age
Ending age
Imperial Age
RankedLock teamsTeams togetherTeam positionsShared explorationLock speedFull tech treeHidden civsTurbo modeCheats
Victory
Defeat
🇩🇪 Persians · Germany
1046
+17
🇨🇭 Tupi · Switzerland
1076
-17
Fänncy
7:43 Loom
10:23 Feudal Age
10:53 Double-Bit Axe
10:51 Horse Collar
19:32 Castle Age
18:50 Bloodlines
19:07 Gold Mining
20:00 Scale Barding Armor
20:48 Bow Saw
24:56 Forging
25:48 Husbandry
26:18 Town Watch
legueschuan
12:13 Loom
13:58 Feudal Age
18:55 Castle Age
17:46 Double-Bit Axe
17:54 Stone Mining
17:59 Gold Mining
17:54 Horse Collar
19:07 Fletching
19:18 Padded Archer Armor
19:54 Bow Saw
20:33 Bodkin Arrow
23:52 Pikeman
Connection lost

Rejoining the realm…

Still unreachable

The connection could not be restored.

Session expired

The server has moved on; the page needs a fresh start.